 Dungeon Crawl Stone Soup version 0.22-b1-21-g5cfc168 (webtiles) character file.

2451 tyranidshit the Fighter (level 9, -1/77 HPs)
             Began as a Demonspawn Abyssal Knight on Aug 4, 2018.
             Was an Elder of Lugonu.
             Slain by an orc priest
             ... wielding a +0 war axe
              (3 damage)
             ... on level 7 of the Dungeon.
             The game lasted 00:16:56 (6107 turns).

tyranidshit the Fighter (Demonspawn Abyssal Knight) Turns: 6107, Time: 00:16:58

Health: -1/77      AC: 17    Str: 16      XL:     9   Next: 25%
Magic:  14/14      EV:  5    Int: 14      God:    Lugonu [****..]
Gold:   345        SH:  0    Dex: 10 (12) Spells: 8/8 levels left

rFire    + . .     SeeInvis .   d - +3 hand axe (drain)
rCold    + . .     Gourm    .   (no shield)
rNeg     . . .     Faith    .   p - +0 plate armour
rPois    .         Spirit   .   k - +2 hat
rElec    .         Reflect  .   q - +1 cloak
rCorr    .         Harm     .   (no gloves)
MR       .....     Clarity  +   (boots unavailable) Stlth ..........Rnd*Tele +
                                o - amulet of regeneration
HPRegen  0.62/turn              g - ring of protection from fire
MPRegen  0.14/turn              (no ring)

@: no status effects
A: claws 1, hooves 3, blurry vision 1, clarity, cold resistance 1, demonic
guardian 2, low mp 1, teleportitis 1, evolution 1
a: Depart the Abyss, Bend Space, Banish, Corrupt, Renounce Religion


You were on level 7 of the Dungeon.
You worshipped Lugonu.
Lugonu was greatly pleased with you.
You were not hungry.

You visited 2 branches of the dungeon, and saw 8 of its levels.
You visited the Abyss 1 time.
You also visited: Ossuary.

You collected 345 gold pieces.

Inventory:

Hand Weapons
 a - a +1 hand axe
 d - a +3 hand axe of draining (weapon)
 m - a +0 hand axe of chopping
Armour
 k - a +2 hat (worn)
 p - a +0 plate armour (worn)
 q - a +1 cloak (worn)
Jewellery
 g - a ring of protection from fire (left claw)
 n - an uncursed amulet of the acrobat
 o - an amulet of regeneration (around neck)
Wands
 f - a wand of clouds (7)
Scrolls
 b - 2 scrolls of remove curse
 e - 7 scrolls of identify
 h - 2 scrolls of fear
 j - a scroll of magic mapping
 l - a scroll of enchant weapon
 r - a scroll of blinking
Potions
 i - 4 potions of brilliance
 t - 2 potions of resistance
 u - a potion of haste
Comestibles
 c - 6 rations


   Skills:
 + Level 9.5 Fighting
 + Level 3.1 Axes
 - Level 6.2 Armour
 - Level 0.8 Dodging
 - Level 9.3 Invocations
 - Level 6.3 Evocations


You had 8 spell levels left.
You didn't know any spells.
Your spell library contained the following spells:

 Spells                   Type           Power        Failure   Level  Hunger
 Stone Arrow              Conj/Erth      #.....       100%        3    ####...
 Passwall                 Tmut/Erth      #.......     100%        2    ###....
 Lee's Rapid Deconstruct  Erth           #.........   100%        5    ######.
 Sandblast                Erth           #.....       100%        1    ##.....
 Petrify                  Tmut/Erth      #.......     100%        4    #####..


Dungeon Overview and Level Annotations

Branches:
Dungeon (7/15)             Temple (1/1) D:5

Altars:
Ashenzari
Cheibriados
Dithmenos
Elyvilon
Fedhas
Hepliaklqana
Kikubaaqudgha
Makhleb
Nemelex Xobeh
Okawaru
Qazlal
Ru
Sif Muna
Trog
Uskayaw
Vehumet
Wu Jian
The Shining One


Innate Abilities, Weirdness & Mutations

You have hooves in place of feet.
A demonic guardian rushes to your aid.
You have sharp fingernails.
Scrolls take you a little longer to read.
You possess an exceptional clarity of mind.
Your flesh is cold resistant. (rC+)
Your magical capacity is low. (-10% MP)
You are occasionally teleported next to monsters.
You evolve.


Message History

You hit something. Lugonu accepts your kill.
Reactivating autopickup.
You feel a bit more experienced.
Unknown command.
Okay, then.
The orc priest hits you but does no damage.
You hit the orc priest. You drain the orc priest! You kick the orc priest.
The orc priest is almost dead.
The orc priest hits you but does no damage.
You closely miss the orc priest.
The orc priest is almost dead.
The orc priest looks encouraged for a moment.
You closely miss the orc priest.
The orc priest is almost dead.
The orc priest invokes the aid of Beogh against you.
Beogh smites you!
* * * LOW HITPOINT WARNING * * *
The orc priest hits you with a war axe.
You die...

##.#.#.#.#######..#..# *.##....
#.#.#.#.# #..#..# *,*#....
#.#.#.#.# ##.#..# *,*#....
#.#.#.#.# #....# #.###.##
#.#.#.#.# #....# #.###.#.
##.#.#.#.########....# #.....#.
...#.................# #..####.
.#####.#....#######..# #..#....
.......#........@o..>#####..#.###
.########...#######.##......#.###
.#....# #...# #..............
.#.##.# #...# ####........##.
.'.##.# #...# #...........
.####.# #...# #.........## .# #.#
#...# #........... .# #.# #...#
#........... ## #.# #####
#.......#...


You could see an orc priest.

Vanquished Creatures
  Grinder (D:3)
  Sigmund (D:3)
  A water moccasin (D:7)
  2 sky beasts
  An ice beast (D:7)
  An ogre (D:5)
  A black bear (D:7)
  Blork the orc (D:5)
  3 bullfrogs
  2 scorpions
  2 killer bees (D:7)
  3 crimson imps
  A bullfrog zombie (D:5)
  3 hounds
  2 orc priests
  Crazy Yiuf (D:6)
  2 orc wizards
  An iguana (D:4)
  8 worker ants
  8 big kobold zombies (Ossuary)
  A mummy (Ossuary)
  7 adders
  A howler monkey skeleton (D:7)
  2 shadow imps
  A white imp (D:6)
  An adder skeleton (D:3)
  A worm (D:2)
  4 dart slugs
  3 leopard geckos
  12 orcs
  3 spectral bats (Ossuary)
  A ball python (D:2)
  2 giant cockroaches
  4 gnoll zombies (Ossuary)
  8 goblins
  5 hobgoblins
  12 jackals
  6 kobolds
  2 quokkas
  2 bats (D:3)
  3 bat simulacra (Ossuary)
  2 frilled lizards
  5 goblin simulacra (Ossuary)
  7 goblin zombies (Ossuary)
  6 hobgoblin zombies (Ossuary)
  A jackal skeleton (D:6)
  2 kobold simulacra (Ossuary)
  A kobold zombie (Ossuary)
  A leopard gecko skeleton (D:4)
  4 orc zombies (Ossuary)
  6 rats
  3 spectral goblins (Ossuary)
  2 spectral kobolds (Ossuary)
  4 spectral rats (Ossuary)
170 creatures vanquished.

Vanquished Creatures (collateral kills)
  2 orc warriors (D:7)
  3 killer bees (D:7)
  A howler monkey (D:5)
  2 orc priests
  An orc wizard (D:7)
  A worker ant zombie (D:5)
  2 adders
  An orc (D:4)
13 creatures vanquished.

Grand Total: 183 creatures vanquished

Notes
Turn   | Place    | Note
-------+----------+-------------------------------------------
     0 | Abyss:1  | tyranidshit the Demonspawn Abyssal Knight began the quest for the Orb.
     0 | Abyss:1  | Reached XP level 1. HP: 18/18 MP: 2/2
    19 | Abyss:1  | Found a corrupted altar of Lugonu.
    68 | Abyss:1  | Noticed a raiju
    89 | Abyss:1  | Noticed a tentacled starspawn
   114 | Abyss:1  | Noticed a thrashing horror
   116 | D:1      | Escaped the Abyss
   254 | D:1      | Gained mutation: A weak demonic guardian rushes to your aid. [demonic ancestry]
   254 | D:1      | Reached XP level 2. HP: 21/24 MP: 3/3
   399 | D:1      | Reached * piety under Lugonu
   507 | D:1      | Gained mutation: You are dopey. (Int -2) [potion of mutation]
   507 | D:1      | Gained mutation: You have a pair of small antennae on your head. [potion of mutation]
   507 | D:1      | Gained mutation: You possess an exceptional clarity of mind. [potion of mutation]
   507 | D:1      | Gained mutation: Your flesh is cold resistant. (rC+) [potion of mutation]
   536 | D:2      | Lost mutation: You have a pair of small antennae on your head. [potion of mutation]
   536 | D:2      | Lost mutation: You are dopey. (Int -2) [potion of mutation]
   536 | D:2      | Gained mutation: You are frail. (-10% HP) [potion of mutation]
   536 | D:2      | Gained mutation: You have sharp toenails. [potion of mutation]
   536 | D:2      | Gained mutation: You are occasionally teleported next to monsters. [potion of mutation]
   536 | D:2      | Gained mutation: Your muscles are strong. (Str +2) [potion of mutation]
   641 | D:2      | Lost mutation: You have sharp toenails. [demonic ancestry]
   641 | D:2      | Gained mutation: You have large cloven feet. [demonic ancestry]
   641 | D:2      | Reached XP level 3. HP: 27/27 MP: 4/4
   757 | D:2      | Found a shadowy altar of Dithmenos.
   903 | D:2      | Reached XP level 4. HP: 17/34 MP: 5/5
   933 | D:2      | Reached skill level 5 in Fighting
  1399 | D:3      | Gained mutation: You have hoof-like feet. [demonic ancestry]
  1399 | D:3      | Reached XP level 5. HP: 39/39 MP: 5/11
  1568 | D:3      | Found a faded altar of an unknown god.
  1593 | D:3      | Noticed Grinder
  1660 | D:3      | Killed Grinder
  1660 | D:3      | Gained mutation: A demonic guardian rushes to your aid. [demonic ancestry]
  1660 | D:3      | Reached XP level 6. HP: 14/45 MP: 12/12
  1724 | D:3      | Reached ** piety under Lugonu
  1754 | D:3      | Lost mutation: Your muscles are strong. (Str +2) [potion of mutation]
  1754 | D:3      | Lost mutation: You are frail. (-10% HP) [potion of mutation]
  1754 | D:3      | Gained mutation: Your magical capacity is low. (-10% MP) [potion of mutation]
  1754 | D:3      | Gained mutation: Scrolls take you a little longer to read. [potion of mutation]
  1754 | D:3      | Gained mutation: You evolve. [potion of mutation]
  1885 | D:3      | Noticed Sigmund
  1907 | D:3      | Killed Sigmund
  2354 | D:4      | Reached XP level 7. HP: 58/58 MP: 12/12
  2567 | D:4      | Gained mutation: You have sharp fingernails. [evolution]
  2733 | D:4      | Found a hazy altar of Hepliaklqana.
  3062 | D:4      | Found a deep blue altar of Sif Muna.
  3238 | D:5      | Entered Level 5 of the Dungeon
  3250 | D:5      | Found a staircase to the Ecumenical Temple.
  3333 | Temple   | Entered the Ecumenical Temple
  3741 | D:5      | Noticed Blork the orc
  3743 | D:5      | Found an iron altar of Okawaru.
  3749 | D:5      | Killed Blork the orc
  4038 | D:5      | Gained mutation: You have hooves in place of feet. [demonic ancestry]
  4038 | D:5      | Reached XP level 8. HP: 52/68 MP: 13/13
  4388 | D:6      | Found a blossoming altar of Fedhas.
  4388 | D:6      | Found an ancient bone altar of Kikubaaqudgha.
  4558 | D:6      | Found a runed door.
  5043 | D:6      | Noticed Crazy Yiuf
  5050 | D:6      | Killed Crazy Yiuf
  5119 | D:7      | Reached *** piety under Lugonu
  5211 | D:7      | Found a sand-covered staircase.
  5240 | Ossuary  | Entered an ossuary
  5441 | Ossuary  | Reached **** piety under Lugonu
  5776 | D:7      | Reached XP level 9. HP: 70/76 MP: 14/14
  5893 | D:7      | Found a burning altar of Makhleb.
  5907 | D:7      | Found an ornate altar of the Wu Jian Council.
  6030 | D:7      | Found a glowing golden altar of the Shining One.
  6107 | D:7      | HP: 2/77 [orc priest/divine providence (12)]
  6107 | D:7      | Slain by an orc priest

Skill      XL: |  1  2  3  4  5  6  7  8  9 |
---------------+----------------------------+-----
Fighting       | 4 5 6 7 9 |  9.5
Armour         | 6 |  6.2
Invocations    | 8 9 |  9.3
Evocations     | 6 |  6.3
Axes           | 2 3 |  3.1
Dodging        | |  0.8

Action                   |  1- 3 |  4- 6 |  7- 9 || total
-------------------------+-------+-------+-------++-------
Melee: Hand axe          |    81 |    71 |   386 ||   538
       Kick              |    10 |    14 |    90 ||   114
Invok: Depart the Abyss  |     1 |       |       ||     1
  Use: Potion            |     3 |     8 |     4 ||    15
       Scroll            |     2 |     3 |    12 ||    17
 Stab: Distracted        |       |     2 |       ||     2
  Eat: Ration            |       |     2 |     3 ||     5
Armor: Ring mail         |    59 |     1 |       ||    60
       Skin              |       |     4 |       ||     4
       Scale mail        |       |     6 |       ||     6
       Chain mail        |       |    24 |    86 ||   110
       Plate armour      |       |       |   224 ||   224
Dodge: Dodged            |    47 |    30 |   105 ||   182
